 Dungeon Crawl Stone Soup version 0.19-a0-944-gb338e1e (webtiles) character file.

12562 HAL9000 the Grappler (level 11, -7/112 HPs)
             Began as a Yellow Draconian Transmuter on July 9, 2016.
             Was an Elder of Cheibriados.
             Mangled by a six-headed hydra (13 damage)
             ... on level 2 of the Lair of Beasts.
             The game lasted 00:31:01 (11079 turns).

HAL9000 the Grappler (Yellow Draconian Transmuter) Turns: 11079, Time: 00:31:02

Health: -7/112     AC:  7    Str: 24    XL:     11   Next: 64%
Magic:  0/26       EV: 16    Int: 26    God:    Cheibriados [****..]
Gold:   529        SH:  0    Dex: 21    Spells: 5 memorised, 4 levels left

rFire  x . .     SeeInvis .       - Unarmed
rCold  + + +     Gourm    .     (armour unavailable)
rNeg   . . .     Faith    .     (shield currently unavailable)
rPois  +         Spirit   +     (helmet currently unavailable)
rElec  .         Dismiss  .     (cloak currently unavailable)
rCorr  .         Reflect  .     (gloves currently unavailable)
SustAt .         Harm     .     (boots currently unavailable)
MR     +....                    X - amulet of guardian spirit
Stlth  ++........               y - ring of protection from magic
                                v - ring of magical power

@: ice-form, very slightly contaminated, invisible, very slow, somewhat
resistant to hostile enchantments, unstealthy
A: (spit acid), (acid resistance), unfitting armour, (cold resistance 0),
(cold-blooded), AC +7
a: End Transformation, Bend Time, Temporal Distortion, Slouch, Renounce Religion


You were on level 2 of the Lair of Beasts.
You worshipped Cheibriados.
Cheibriados was greatly pleased with you.
You were hungry.
You were a creature of crystalline ice.
You visited 3 branches of the dungeon, and saw 11 of its levels.

You collected 529 gold pieces.

Inventory:

Missiles
 a - 70 arrows
 Q - 9 tomahawks of dispersal (quivered)
 S - 6 tomahawks
 Z - 3 throwing nets
Armour
 F - a +1 cloak (melded)
 L - a +2 shield
 W - the +3 hat of Pondering (melded) {ponderous, MR+ MP+10 Int+5}
   (You took it off Gastronok on level 8 of the Dungeon)

   It affects your intelligence (+5).
   It affects your resistance to hostile enchantments.
   It affects your magic capacity (+10).
Magical Staves
 Y - an uncursed staff of energy
Jewellery
 v - a ring of magical power (left front paw)
 y - a ring of protection from magic (right front paw)
 X - an amulet of guardian spirit (around neck)
Wands
 B - a wand of slowing (24/48)
 D - a wand of flame (17/48)
 G - a wand of teleportation (8/9)
 R - a wand of slowing (17/48)
Scrolls
 j - a scroll of identify
 o - a scroll of amnesia
 r - 16 scrolls of remove curse
 H - a scroll of recharging
 V - a scroll of enchant weapon
Potions
 d - 2 potions of curing
 e - a potion of might
 k - 3 potions of brilliance
 q - a potion of invisibility
 t - 3 potions of flight
 w - a potion of cancellation {unknown}
 x - a potion of magic {unknown}
 z - 2 potions of haste
 A - 2 potions of degeneration {unknown}
 K - a potion of ambrosia {unknown}
 O - 2 potions of lignification
 T - 3 potions of berserk rage
 U - a potion of mutation {unknown}
Books
 b - a book of Changes

   Spells                             Type                      Level
   a - Beastly Appendage              Transmutation                1
   b - Sticks to Snakes               Transmutation                2
   c - Spider Form                    Transmutation/Poison         3
   d - Ice Form                       Ice/Transmutation            4
   e - Blade Hands                    Transmutation                5
 P - a Young Poisoner's Handbook

   Spells                             Type                      Level
   a - Sting                          Conjuration/Poison           1
   b - Mephitic Cloud                 Conjuration/Poison/Air       3
   c - Olgreb's Toxic Radiance        Poison                       4
   d - Alistair's Intoxication        Transmutation/Poison         5
   e - Venom Bolt                     Conjuration/Poison           5
Comestibles
 c - 4 bread rations
 m - 2 meat rations
 s - 2 beef jerkies


   Skills:
 - Level 8.2 Fighting
 - Level 1.6 Throwing
 + Level 7.7 Dodging
 - Level 0.6 Stealth
 + Level 10.2 Unarmed Combat
 - Level 4.5 Spellcasting
 - Level 9.2 Transmutations
 * Level 5.7 Invocations
 - Level 0.2 Evocations


You had 4 spell levels left.
You knew the following spells:

 Your Spells              Type           Power        Failure   Level  Hunger
a - Beastly Appendage     Tmut           ######       1%          1    None
b - Sticks to Snakes      Tmut           ######..     1%          2    None
c - Spider Form           Tmut/Pois      ####......   4%          3    ##.....
d - Blade Hands           Tmut           ######....   8%          5    #####..
e - Ice Form              Ice/Tmut       ####....     14%         4    ####...


Dungeon Overview and Level Annotations

Branches:
Dungeon (8/15)             Temple (1/1) D:7            Lair (2/6) D:8
  Swamp: Lair:2-4    Shoals: Lair:2-4     Snake: Lair:2-4    Spider: Lair:2-4

Altars:
Ashenzari
Cheibriados
Dithmenos
Elyvilon
Fedhas
Hepliaklqana
Kikubaaqudgha
Makhleb
Nemelex Xobeh
Okawaru
Pakellas
Qazlal
Ru
Sif Muna
Trog
Uskayaw
Vehumet
Xom
Yredelemnul
Zin
The Shining One


Innate Abilities, Weirdness & Mutations

((You can spit globs of acid.))
((You are resistant to acid.))
((Your golden yellow scales are hard. (AC +7)))
Your body does not fit into most forms of armour.
((You are cold-blooded and may be slowed by cold attacks.))
((Your flesh is cold resistant. (rC+)))


Message History

Here: a six-headed hydra (moderately wounded, covered in acid)
The floor.
You fade into invisibility!
The six-headed hydra completely misses you.
The six-headed hydra bites you but does no damage.
The six-headed hydra barely misses you. The six-headed hydra misses you.
The six-headed hydra barely misses you. x2
You are very lightly contaminated with residual magic.
Unknown command.
You have got your breath back.
The six-headed hydra barely misses you. x3
The six-headed hydra closely misses you.
The six-headed hydra bites you!
* * * LOW HITPOINT WARNING * * *
The six-headed hydra closely misses you.
Unknown command.
The six-headed hydra bites you!
* * * LOW HITPOINT WARNING * * *
The six-headed hydra bites you!
You die...

# .........##... #
#...........# P#
#........# ##
#......# # #.#...#
##### #...##
..#.#### ##..##
##...#.######
##..##
###....##..###.Y##
####....#.#.D##
###......##
####..P# ##..#
#..# ##.# #.P #.##


You could see a six-headed hydra.

Vanquished Creatures
  Gastronok (D:8)
  Erica (D:8)
  Pikel (D:8)
  An elephant (D:8)
  2 black mambas
  4 spiny frogs
  2 komodo dragons
  3 blink frogs (Lair:1)
  10 yaks
  A basilisk (Lair:2)
  3 hippogriffs
  A hungry ghost (D:7)
  Eustachio (D:5)
  3 water moccasins
  An ice beast (D:8)
  4 orc warriors
  A slave (D:8)
  3 phantoms
  The ghost of tstbtto the Slasher, an amateur MiFi (D:3)
  6 ogres
  2 centaurs
  A big kobold (D:6)
  2 crocodiles
  2 giant frogs
  A gnoll sergeant (D:5)
  2 scorpions (D:8)
  10 killer bees
  2 wights (D:5)
  5 howler monkeys
  4 crimson imps
  A jelly (D:8)
  A quasit (D:5)
  A centaur zombie (D:5)
  A giant frog skeleton (D:4)
  4 hounds
  Crazy Yiuf (D:4)
  7 orc wizards
  4 iguanas
  5 worker ants
  Terence (D:2)
  13 sheep
  3 gnolls (D:6)
  4 worker ant zombies
  10 adders
  5 river rats (Lair:2)
  2 shadow imps (D:7)
  2 oozes (D:1)
  2 adder skeletons
  2 worms
  2 dart slugs
  4 giant geckos
  24 orcs
  5 bats
  3 bat zombies (D:5)
  8 giant cockroaches
  3 goblins
  9 hobgoblins
  8 jackals
  14 kobolds
  4 quokkas
  A ball python (D:1)
  A giant newt (D:3)
  A jackal zombie (D:7)
  7 rats
  2 rat zombies (D:5)
246 creatures vanquished.

Vanquished Creatures (collateral kills)
  Harold (Lair:1)
  A crocodile (D:8)
  A killer bee zombie (D:8)
  2 adders (D:2)
  5 river rats (Lair:2)
  2 orcs
  A giant cockroach (D:8)
13 creatures vanquished.

Vanquished Creatures (others)
  A crimson imp (D:8)
  An orc wizard (D:8)
  An adder (D:8)
  3 orcs (D:8)
  2 fungi (Lair:1)
8 creatures vanquished.

Grand Total: 267 creatures vanquished

Notes
Turn   | Place    | Note
-------+----------+-------------------------------------------
     0 | D:1      | HAL9000 the Draconian Transmuter began the quest for the Orb.
     0 | D:1      | Reached XP level 1. HP: 16/16 MP: 3/3
    78 | D:1      | Reached XP level 2. HP: 15/23 MP: 3/5
   391 | D:1      | Reached XP level 3. HP: 25/28 MP: 4/6
   413 | D:1      | Learned a level 2 spell: Sticks to Snakes
   417 | D:1      | Learned a level 3 spell: Spider Form
  1055 | D:2      | Reached skill level 4 in Unarmed Combat
  1357 | D:2      | Reached XP level 4. HP: 19/35 MP: 0/7
  1859 | D:2      | Noticed Terence
  1914 | D:2      | Killed Terence
  2018 | D:2      | Reached XP level 5. HP: 31/40 MP: 8/8
  2536 | D:3      | Gained mutation: Your flesh is cold resistant. (rC+) [potion of beneficial mutation]
  2744 | D:3      | Reached skill level 5 in Unarmed Combat
  2847 | D:3      | Reached XP level 6. HP: 30/47 MP: 9/9
  2964 | D:3      | Found a faded altar of an unknown god.
  3034 | D:3      | Noticed tstbtto's ghost (amateur MiFi)
  3066 | D:3      | Killed tstbtto's ghost
  3518 | D:4      | Reached skill level 5 in Transmutations
  4270 | D:4      | Found a runed door.
  4405 | D:4      | Noticed Crazy Yiuf
  4412 | D:4      | Killed Crazy Yiuf
  4412 | D:4      | Your scales start taking on a golden yellow colour.
  4412 | D:4      | Reached XP level 7. HP: 42/55 MP: 10/10
  4547 | D:4      | Reached skill level 6 in Unarmed Combat
  4651 | D:5      | Entered Level 5 of the Dungeon
  5110 | D:5      | Noticed Eustachio
  5111 | D:5      | Reached XP level 8. HP: 29/63 MP: 7/11
  5194 | D:5      | Killed Eustachio
  5926 | D:5      | Found an ancient bone altar of Kikubaaqudgha.
  6098 | D:5      | Reached skill level 7 in Unarmed Combat
  6579 | D:6      | Learned a level 5 spell: Blade Hands
  6681 | D:6      | Reached skill level 5 in Fighting
  6895 | D:6      | Reached XP level 9. HP: 51/74 MP: 12/12
  7507 | D:7      | Found a staircase to the Ecumenical Temple.
  7540 | Temple   | Entered the Ecumenical Temple
  7713 | Temple   | Became a worshipper of Cheibriados the Contemplative
  7820 | D:7      | Reached skill level 8 in Unarmed Combat
  7822 | D:7      | Reached skill level 5 in Dodging
  8049 | D:8      | Found a staircase to the Lair.
  8049 | D:8      | Noticed an elephant
  8066 | D:8      | Killed an elephant
  8068 | D:8      | Reached * piety under Cheibriados
  8283 | D:8      | Noticed Erica
  8293 | D:8      | Killed Erica
  8492 | D:8      | Noticed Gastronok
  8493 | D:8      | Noticed Pikel
  8511 | D:8      | Killed Pikel
  8511 | D:8      | Reached XP level 10. HP: 84/84 MP: 7/15
  8523 | D:8      | Killed Gastronok
  8523 | D:8      | Reached skill level 9 in Unarmed Combat
  8535 | D:8      | Found a sparkling altar of Nemelex Xobeh.
  8668 | D:8      | Learned a level 4 spell: Ice Form
  8713 | D:8      | Found a glowing silver altar of Zin.
  8813 | D:8      | Found a blossoming altar of Fedhas.
  8830 | D:8      | Reached ** piety under Cheibriados
  9594 | Lair:1   | Entered Level 1 of the Lair of Beasts
  9598 | Lair:1   | Reached skill level 1 in Throwing
  9652 | Lair:1   | Noticed Harold
  9664 | Lair:1   | Killed Harold
  9664 | Lair:1   | Reached *** piety under Cheibriados
  9731 | Lair:1   | Noticed a spiny frog
  9740 | Lair:1   | Killed a spiny frog
  9740 | Lair:1   | Reached XP level 11. HP: 88/94 MP: 17/17
  9903 | Lair:1   | Reached skill level 1 in Invocations
 10301 | Lair:1   | Reached **** piety under Cheibriados
 10485 | Lair:2   | Reached skill level 10 in Unarmed Combat
 10677 | Lair:2   | Reached skill level 5 in Invocations
 10964 | Lair:2   | Identified a scroll of acquirement
 11065 | Lair:2   | Noticed a six-headed hydra
 11079 | Lair:2   | Mangled by a six-headed hydra

Vault maps used:
D:1:      elethiomel_arrival_infinity_welcomes_careful_drivers,
          minmay_pentomino_o4
D:2:      uniq_terence
D:3:      ecumenical_altar_1
D:4:      serial_forest, infiniplex_forest_lined_4_way,
          infiniplex_forest_end_double, infiniplex_forest_straight_2,
          infiniplex_forest_lined_corner, infiniplex_forest_lined_3,
          infiniplex_forest_clump_C, infiniplex_forest_clump_tiny,
          infiniplex_forest_lined_room_, infiniplex_forest_diagonal,
          first_bread, serial_park_tiny_2, uniq_crazy_yiuf_cottage
D:5:      lemuel_zombie_altar_kikubaaqudgha, lightli_sewer_entry_pipes,
          sword_in_stone, uniq_eustachio
D:6:      minmay_unpleasant_kobolds
D:8:      lemuel_round_altar, old_standard_altar, david_lair_generic,
          basic_altar, uniq_pikel, uniq_gastronok, uniq_erica
Temple:   eino_narrow_crystal_temple
Lair:1:   uniq_harold
Lair:2:   minmay_shoals_entry_hut

Skill      XL: |  1  2  3  4  5  6  7  8  9 10 11 |
---------------+----------------------------------+-----
Transmutations | 3 4 5 7 8 9 |  9.2
Unarmed Combat | 4 5 6 7 8 9 10 | 10.2
Dodging        | 2 3 4 5 6 7 |  7.7
Fighting       | 2 3 5 6 8 |  8.2
Spellcasting   | 3 4 |  4.5
Throwing       | 1 |  1.6
Invocations    | 5 |  5.7
Stealth        | |  0.6
Evocations     | |  0.2

Action                   |  1- 3 |  4- 6 |  7- 9 | 10-12 || total
-------------------------+-------+-------+-------+-------++-------
Melee: Unarmed           |   124 |   245 |   417 |   264 ||  1050
       Tailslap          |    13 |    16 |    31 |    39 ||    99
       Headbutt          |     8 |     7 |       |       ||    15
       Kick              |    11 |     3 |     4 |       ||    18
       Punch             |     3 |       |     5 |     9 ||    17
 Cast: Beastly Appendage |    18 |    16 |     7 |       ||    41
       Sticks to Snakes  |     1 |    12 |    31 |     6 ||    50
       Spider Form       |       |     8 |    19 |     6 ||    33
       Blade Hands       |       |       |     2 |    10 ||    12
       Ice Form          |       |       |       |     1 ||     1
 Abil: Spit Acid         |       |       |    11 |     3 ||    14
       End Transformatio |       |       |     3 |       ||     3
  Use: Scroll            |       |     4 |    10 |     4 ||    18
       Potion            |       |     2 |     2 |     1 ||     5
 Stab: Sleeping          |     1 |       |       |     2 ||     3
       Distracted        |       |     1 |     2 |     4 ||     7
  Eat: Chunk             |     1 |    13 |    20 |     7 ||    41
       Fruit             |       |       |     4 |       ||     4
       Pizza             |       |       |       |     1 ||     1
Armor: Skin              |    35 |    62 |   116 |    43 ||   256
Dodge: Dodged            |    76 |   154 |   334 |   268 ||   832
Block: Shield            |       |       |     1 |       ||     1
